 Dungeon Crawl Stone Soup version 0.20-a0-672-gd6c3c51 (webtiles) character file.

536 KristoblXynda the Charlatan (level 7, -2/52 HPs)
             Began as a Green Draconian Artificer on Feb 17, 2017.
             Slain by Menkaure (23 damage)
             ... on level 4 of the Dungeon.
             The game lasted 00:09:29 (3946 turns).

KristoblXynda the Charlatan (DrAr)                  Turns: 3946, Time: 00:09:29

Health: -2/52      AC:  9    Str: 15    XL:     7   Next: 4%
Magic:  10/10      EV: 12    Int: 13    God:
Gold:   185        SH:  6    Dex: 11    Spells: 6/6 levels left

rFire    . . .     SeeInvis .   l - +2 dagger (venom)
rCold    . . .     Gourm    .   (armour unavailable)
rNeg     . . .     Faith    .   m - +2 buckler
rPois    +         Spirit   .   (helmet restricted)
rElec    .         Reflect  .   (no cloak)
rCorr    .         Harm     .   i - +2 pair of gloves {archery}
MR       .....                  (no boots)
Stlth    ++........             (no amulet)
Regen    0.2/turn               (no ring)
MPRegen  0.2/turn               (no ring)

@: no status effects
A: breathe noxious fumes, unfitting armour, poison resistance, cold-blooded, AC
+6
a: Breathe Noxious Fumes


You were on level 4 of the Dungeon.
You were not hungry.

You visited 1 branch of the dungeon, and saw 4 of its levels.
You also visited: Ossuary.

You collected 185 gold pieces.

Inventory:

Hand Weapons
 l - a +2 dagger of venom (weapon)
Armour
 i - a +2 pair of gloves of archery (worn)
 m - a +2 buckler (worn)
Wands
 a - a wand of digging (10/24)
 b - a wand of flame (39/48)
 c - a wand of enslavement (15/24)
 d - a wand of random effects (11/48)
Scrolls
 e - a scroll of recharging
 h - a scroll of fear
 n - 6 scrolls of remove curse
 q - a scroll of identify
 r - a scroll of blinking
Potions
 g - 2 potions of mutation
 j - 2 potions of haste
 k - 2 potions of lignification
 o - a potion of degeneration {unknown}
 p - a potion of ambrosia {unknown}
 s - a potion of heal wounds {unknown}
 t - a potion of brilliance {unknown}
 u - a potion of curing
 v - a potion of flight {unknown}
 w - a potion of invisibility
Comestibles
 f - a bread ration


   Skills:
 - Level 1.1 Fighting
 + Level 3.6 Short Blades
 - Level 2.1 Dodging
 + Level 3.3 Stealth
 + Level 2.9 Shields
 - Level 1.1 Unarmed Combat
 + Level 4.9 Evocations


You had 6 spell levels left.
You didn't know any spells.

Dungeon Overview and Level Annotations

Branches:
Dungeon (4/15)
 Temple: D:4-7

Altars:
Qazlal

Annotations:
D:4 Menkaure


Innate Abilities, Weirdness & Mutations

You can breathe blasts of noxious fumes.
Your lurid green scales are hard. (AC +6)
You cannot fit into any form of body armour.
Your system is resistant to poisons. (rPois)
You are cold-blooded and may be slowed by cold attacks.


Message History

The leopard gecko bites you.
You closely miss the leopard gecko.
Your tail-slap misses the leopard gecko.
The leopard gecko is almost dead.
Menkaure casts a spell.
Menkaure seems to speed up.
You block the leopard gecko's attack.
You miss the leopard gecko.
The leopard gecko is almost dead.
You kill the leopard gecko!
You see here a leopard gecko corpse.
Menkaure hits you!
You barely miss Menkaure. Menkaure hits you!
Evoke which item? (* to show all) (? for menu, Esc to quit)
Aiming: Throw Flame
Press: ? - help, Shift-Dir - straight line, f - Menkaure
Aim: Menkaure (fast)
The puff of flame hits Menkaure.
Menkaure is burned terribly!
Menkaure is moderately damaged.
This wand has 39 charges left.
Menkaure barely misses you. Menkaure hits you!!
You die...

...........#
#...<.......#
.........>..#
............#
............#
........)...#
........†...####
#...............
#......@M.......
#####...........
#...........
#...........
#...........
#.......####
#.......#
#.......#


You could see Menkaure.

Vanquished Creatures
  A wraith (Ossuary)
  2 orc priests (D:4)
  Jessica (D:3)
  Terence (D:2)
  2 orc wizards (D:4)
  A worker ant (D:4)
  A mummy (Ossuary)
  Robin (D:2)
  6 adders
  An adder skeleton (D:4)
  2 worms
  4 dart slugs
  5 leopard geckos
  5 orcs (D:4)
  5 giant cockroaches
  19 goblins
  10 hobgoblins
  6 jackals
  3 kobolds
  A quokka (D:2)
  A ball python (D:2)
  5 bats
  5 frilled lizards
  2 gnoll skeletons (Ossuary)
  6 kobold skeletons (Ossuary)
  17 orc skeletons (Ossuary)
  6 rats
119 creatures vanquished.

Notes
Turn   | Place    | Note
-------+----------+-------------------------------------------
     0 | D:1      | KristoblXynda the Draconian Artificer began the quest for the Orb.
     0 | D:1      | Reached XP level 1. HP: 16/16 MP: 3/3
    30 | D:1      | Reached skill level 1 in Stealth
   120 | D:1      | Reached XP level 2. HP: 21/23 MP: 4/4
   498 | D:1      | Reached skill level 1 in Unarmed Combat
   790 | D:2      | Reached XP level 3. HP: 24/28 MP: 5/5
  1209 | D:2      | Noticed Terence
  1226 | D:2      | Killed Terence
  1226 | D:2      | Reached skill level 1 in Shields
  1226 | D:2      | Reached XP level 4. HP: 11/35 MP: 6/6
  1383 | D:2      | Noticed Robin
  1393 | D:2      | Killed Robin
  1408 | D:2      | HP: 1/35 [goblin[Robin] (3)]
  2035 | D:3      | Found a stormy altar of Qazlal.
  2040 | D:3      | Reached XP level 5. HP: 40/40 MP: 7/7
  2046 | D:3      | Noticed a water elemental
  2053 | D:3      | Noticed an air elemental
  2096 | D:3      | Reached skill level 4 in Evocations
  2182 | D:3      | Noticed Jessica
  2191 | D:3      | Killed Jessica
  2599 | D:3      | Noticed a fire elemental
  2739 | D:4      | Found a sand-covered staircase.
  2748 | Ossuary  | Entered an ossuary
  2748 | Ossuary  | Noticed a wraith
  2748 | Ossuary  | Noticed a wraith
  2748 | Ossuary  | Noticed a wraith
  3016 | Ossuary  | Noticed a wraith
  3038 | Ossuary  | Killed a wraith
  3038 | Ossuary  | Reached XP level 6. HP: 8/47 MP: 9/9
  3873 | D:4      | Your scales start taking on a lurid green colour.
  3873 | D:4      | Reached XP level 7. HP: 41/52 MP: 10/10
  3873 | D:4      | Gained mutation: Your system is resistant to poisons. (rPois) [Green Draconian growth]
  3938 | D:4      | Noticed Menkaure
  3946 | D:4      | Slain by Menkaure

Vault maps used:
D:1:      lemuel_arrival_muddy
D:2:      minmay_wonky_spiral, uniq_terence, uniq_robin
D:3:      nicolae_qazlal_style_of_elements, uniq_jessica
D:4:      nicolae_ossuary_entry_monument, uniq_menkaure
Ossuary:  ossuary_due_mausoleum

Skill      XL: |  1  2  3  4  5 |
---------------+----------------+-----
Stealth        | 1 2 3 |  3.3
Dodging        | 2 |  2.1
Unarmed Combat | 1 |  1.1
Shields        | 1 2 |  2.9
Short Blades   | 2 3 |  3.6
Evocations     | 4 |  4.9
Fighting       | |  1.1

Action                   |  1- 3 |  4- 6 |  7- 9 || total
-------------------------+-------+-------+-------++-------
Melee: Short sword       |    73 |       |       ||    73
       Tailslap          |    16 |    32 |     2 ||    50
       Dagger            |    44 |   251 |    11 ||   306
Evoke: Wand              |       |    11 |     1 ||    12
  Use: Scroll            |       |    16 |       ||    16
       Potion            |       |     4 |       ||     4
 Stab: Sleeping          |     4 |     6 |       ||    10
       Invisible         |       |     1 |       ||     1
  Eat: Chunk             |     1 |     4 |       ||     5
       Fruit             |       |     1 |       ||     1
       Bread ration      |       |     1 |       ||     1
Armor: Skin              |    42 |    75 |     5 ||   122
Dodge: Dodged            |    73 |   157 |     4 ||   234
Block: Buckler           |       |    47 |     1 ||    48
